 Dungeon Crawl Stone Soup version 0.24.1-4-ge52af88ad5 (webtiles) character file.

Game seed: 3054993652373466439, levelgen mode: deterministic

164110 Peloso the Hoplite (level 17, -28/156 HPs)
             Began as a Minotaur Fighter on Apr 13, 2020.
             Was the Champion of Okawaru.
             Killed from afar by a frost giant (44 damage)
             ... with a bolt of cold
             ... on level 4 of the Shoals.
             The game lasted 01:37:13 (34442 turns).

Peloso the Hoplite (Minotaur Fighter)              Turns: 34442, Time: 01:37:14

Health: -28/156    AC: 19    Str: 39    XL:     17   Next: 25%
Magic:  0/18       EV: 11    Int:  5    God:    Okawaru [******]
Gold:   2060       SH: 27    Dex: 14    Spells: 16/16 levels left

rFire    + . .     SeeInvis +   a - +5 double sword (elec)
rCold    . . .     Gourm    +   c - +0 large shield
rNeg     + + .     Faith    .   p - +1 plate armour {rC+}
rPois    +         Spirit   +   K - +0 hat "Qaotyit" {rF+ rC- Str+7 SInv}
rElec    .         Reflect  .   D - scarf {Spirit}
rCorr    .         Harm     .   u - +0 pair of gloves of Atheism {*Corrode rN++ Dex+2}
MR       +....                  (no boots)
Stlth    ..........             C - amulet of the gourmand
HPRegen  0.36/turn              V - ring of poison resistance
MPRegen  0.16/turn              N - +6 ring of strength

@: no status effects
A: retaliatory headbutt, horns 2
a: Heroism, Finesse, Renounce Religion


You were on level 4 of the Shoals.
You worshipped Okawaru.
Okawaru was exalted by your worship.
You were completely stuffed.

You visited 5 branches of the dungeon, and saw 28 of its levels.

You collected 2643 gold pieces.
You spent 583 gold pieces at shops.

Inventory:

Hand Weapons
 a - a +5 double sword of electrocution (weapon)
 b - a +0 scimitar of flaming
Armour
 c - a +0 large shield (worn)
 p - a +1 plate armour of cold resistance (worn)
 u - the +0 pair of gloves of Atheism (worn) {*Corrode rN++ Dex+2}
   (Okawaru gifted it to you on level 1 of the Lair of Beasts)

   It affects your dexterity (+2).
   It greatly protects you from negative energy.
   It may corrode you when you take damage.
 B - the +3 crown of Dyrovepreva {rElec Int+2 SInv}
   (You bought it in a shop on level 15 of the Dungeon)

   It affects your intelligence (+2).
   It insulates you from electricity.
   It lets you see invisible.
 D - a scarf of spirit shield (worn)
 K - the +0 hat "Qaotyit" (worn) {rF+ rC- Str+7 SInv}
   (Okawaru gifted it to you on level 3 of the Lair of Beasts)

   It affects your strength (+7).
   It protects you from fire.
   It makes you vulnerable to cold.
   It lets you see invisible.
Jewellery
 d - an uncursed ring of ice
 l - an uncursed ring of see invisible
 m - an uncursed ring of resist corrosion
 C - an amulet of the gourmand (around neck)
 N - a +6 ring of strength (right hand)
 V - a ring of poison resistance (left hand)
Wands
 e - a wand of digging (3)
 g - a wand of flame (32)
 A - a wand of polymorph (10)
Scrolls
 h - 4 scrolls of blinking
 i - 7 scrolls of noise
 j - 13 scrolls of remove curse
 n - 5 scrolls of magic mapping
 o - 3 scrolls of teleportation
 s - a scroll of enchant weapon
 t - a scroll of amnesia
 v - a scroll of random uselessness {unknown}
 w - 8 scrolls of identify
 y - 4 scrolls of fear
Potions
 k - 9 potions of curing
 q - a potion of brilliance
 r - a potion of invisibility
 z - 2 potions of berserk rage
 F - a potion of cancellation
 H - 4 potions of heal wounds
 L - 4 potions of agility
 P - 3 potions of haste
 W - a potion of resistance
Miscellaneous
 x - a box of beasts
Comestibles
 f - 55 rations
 E - 2 chunks of flesh


   Skills:
 + Level 15.6 Fighting
 + Level 18.0 Long Blades
 + Level 16.0 Armour
 + Level 4.3 Dodging
 + Level 2.9 Stealth
 + Level 21.0 Shields
 + Level 2.9 Invocations
 + Level 1.0 Evocations


You had 16 spell levels left.
You didn't know any spells.
Your spell library contained the following spells:

 Spells                   Type           Power        Failure   Level  Hunger
 Animate Skeleton         Necr           N/A          97%         1    ##.....
 Apportation              Tloc           #.....       97%         1    ##.....
 Confusing Touch          Hex            #.....       97%         1    ##.....
 Corona                   Hex            #......      97%         1    ##.....
 Magic Dart               Conj           #...         97%         1    ##.....
 Pain                     Necr           #...         97%         1    ##.....
 Summon Small Mammal      Summ           #...         97%         1    ##.....
 Blink                    Tloc           N/A          99%         2    ###....
 Call Imp                 Summ           #.......     99%         2    ###....
 Corpse Rot               Necr           N/A          99%         2    ###....
 Searing Ray              Conj           #.....       99%         2    ###....
 Slow                     Hex            #.......     99%         2    ###....
 Sublimation of Blood     Necr           #.........   99%         2    ###....
 Call Canine Familiar     Summ           #.......     100%        3    ####...
 Conjure Flame            Conj/Fire      #.......     100%        3    ####...
 Dazzling Spray           Conj/Hex       #.....       100%        3    ####...
 Inner Flame              Hex/Fire       #.......     100%        3    ####...
 Mephitic Cloud           Conj/Pois/Air  #.......     100%        3    ####...
 Portal Projectile        Hex/Tloc       #.....       100%        3    ####...
 Regeneration             Chrm/Necr      #.........   100%        3    ####...
 Summon Guardian Golem    Hex/Summ       #.......     100%        3    ####...
 Vampiric Draining        Necr           #.........   100%        3    ####...
 Animate Dead             Necr           N/A          100%        4    #####..
 Cause Fear               Hex            #.........   100%        4    #####..
 Force Lance              Conj/Tloc      #.......     100%        4    #####..
 Fulminant Prism          Conj/Hex       #.........   100%        4    #####..
 Iskenderun's Mystic Bla  Conj           #.......     100%        4    #####..
 Leda's Liquefaction      Hex/Erth       #.........   100%        4    #####..
 Summon Ice Beast         Ice/Summ       #.......     100%        4    #####..
 Summon Lightning Spire   Summ/Air       #.......     100%        4    #####..
 Agony                    Necr           #.......     100%        5    ######.
 Bolt of Draining         Conj/Necr      #.........   100%        5    ######.
 Dispel Undead            Necr           #.......     100%        5    ######.
 Excruciating Wounds      Chrm/Necr      #.........   100%        5    ######.


Dungeon Overview and Level Annotations

Branches:
Dungeon (15/15)            Temple (1/1) D:6            Lair (6/6) D:10
 Shoals (4/4) Lair:4       Spider (0/4) Lair:4        Slime (0/5) Lair:6
    Orc (2/2) D:12            Elf (0/3) Orc:2        Vaults (0/5) D:13
 Depths (0/5) D:15

Altars:
Ashenzari
Cheibriados
Dithmenos
Elyvilon
Fedhas
Hepliaklqana
Kikubaaqudgha
Makhleb
Nemelex Xobeh
Okawaru
Qazlal
Ru
Sif Muna
Trog
Uskayaw
Vehumet
Wu Jian
Xom
Yredelemnul
Zin
The Shining One
Beogh

Shops:
D:5 *   D:10 }   D:11 *   D:14 *   D:15 [   Orc:2 *:[(


Innate Abilities, Weirdness & Mutations

You reflexively headbutt those who attack you in melee.
You have a pair of horns on your head.


Message History

The frost giant freezes you!
* * * LOW HITPOINT WARNING * * *
You block the merfolk impaler's attack.
You hit the frost giant.
The frost giant is lightly wounded.
You block the merfolk impaler's attack. You block the frost giant's attack.
You hit the frost giant.
The frost giant is lightly wounded.
You block the merfolk impaler's attack.
Unknown command.
You block the merfolk impaler's attack.
The frost giant points at you and mumbles some strange words.
The bolt of cold hits you!!
* * * LOW HITPOINT WARNING * * *
There is a stone staircase leading up here.
You see here a +0 vampiric trident.
You block the merfolk impaler's attack.
The frost giant gestures at you while chanting.
The bolt of cold hits you!!!
You die...

≈≈≈≈≈≈≈≈≈≈≈≈≈≈≈≈≈≈≈≈≈≈≈≈
≈.....≈≈≈≈≈≈≈≈≈≈≈≈≈≈≈≈≈≈
.(.....≈≈≈≈≈≈≈≈≈≈≈≈≈≈≈≈≈
........≈.≈≈...≈≈≈≈≈≈≈..
......P$..≈≈≈..≈≈≈≈≈≈≈..
........P.P≈≈≈..≈≈≈≈≈≈..
≈.P.....P..≈)...≈≈≈≈≈≈..
....P.P..)....).○≈<≈≈≈..
##≈..CPP..P.m.@PPP≈≈≈≈..
###..PP....C..÷≈P≈≈≈≈..
..##≈P.P.....PP≈≈≈≈≈P.
.. #≈≈P.P.....≈≈≈≈≈≈.P
#≈≈≈≈........≈≈≈..P
#≈PP≈≈........≈≈...
#≈P≈≈≈≈..[....≈≈≈.
≈PPPP≈.....≈≈≈≈≈.
.PPPP............


You could see a frost giant and a merfolk impaler.

Vanquished Creatures
  Ilsuiw (Shoals:2)
  2 orc warlords (Orc:1)
  A stone giant (Orc:1)
  A dire elephant (D:15)
  The ghost of Neeruiv the Geomancer, a journeyman GrEE of Vehumet (Lair:5)
  The ghost of Juriogex the Carver, a journeyman TeGl of Qazlal (Lair:6)
  Josephine (Lair:5)
  13 merfolk impalers
  A fire dragon (D:15)
  The ghost of brucemayne the Severer, a journeyman HOMo of the Shining One (D:13)
  Erolcha (D:9)
  Fannar (D:12)
  8 vault guards
  10 hydras
  Erica (Lair:2)
  2 centaur warriors
  2 alligator snapping turtles
  2 satyrs (Shoals:3)
  An ogre mage (D:9)
  6 merfolk avatars
  9 two-headed ogres
  15 death yaks
  A tengu warrior (D:14)
  3 orc high priests (Orc:2)
  3 unseen horrors
  7 sea snakes
  A wizard (D:13)
  6 orc knights
  18 harpies
  A deep elf mage (D:13)
  11 fauns
  6 cyclopes
  2 orc sorcerers (Orc:1)
  2 oklob plants
  A salamander (D:15)
  13 ugly things
  13 manticores
  A moth of wrath (Lair:6)
  8 elephants
  7 merfolk sirens
  6 black mambas
  32 spiny frogs
  5 water nymphs
  A redback zombie (D:13)
  2 kobold demonologists (D:15)
  A freezing wraith (D:15)
  7 komodo dragons
  4 yaktaurs (D:15)
  8 trolls
  2 wind drakes (Shoals:2)
  A polar bear (Lair:2)
  4 tyrant leeches (Lair:6)
  29 merfolk
  11 blink frogs (Lair:6)
  9 snapping turtles
  14 hippogriffs
  7 slime creatures
  A shadow (D:14)
  A meliai zombie (D:14)
  2 redbacks (Lair:4)
  2 hornets (Lair:6)
  2 vampires
  7 wraiths
  7 spriggans
  17 yaks
  A human (D:10)
  2 water elementals
  3 hogs (D:10)
  A basilisk (Lair:1)
  2 wyverns
  Grum (D:8)
  2 hungry ghosts
  9 vampire mosquitoes
  3 wargs
  A soldier ant (D:14)
  3 acid dragons
  9 water moccasins
  7 porcupines
  8 ice beasts
  A swamp drake (D:12)
  40 orc warriors
  3 phantoms
  3 sky beasts
  4 black bears
  A hornet zombie (D:14)
  An eye of draining (D:12)
  2 necrophages
  28 wolves
  9 centaurs
  22 ogres
  9 crocodiles
  5 big kobolds
  34 bullfrogs
  A gnoll sergeant (D:8)
  A water moccasin zombie (D:8)
  2 wyvern skeletons
  3 scorpions
  21 killer bees
  6 wights
  13 howler monkeys
  An electric eel (Lair:6)
  A quasit (D:7)
  8 crimson imps
  4 hounds
  4 centaur zombies
  A gnoll shaman (D:8)
  4 bullfrog skeletons
  24 orc priests
  4 centaur skeletons
  7 jellies
  Ijyb (D:3)
  4 iguanas
  Terence (D:3)
  20 orc wizards
  11 worker ants
  A killer bee zombie (D:6)
  2 hound skeletons
  2 howler monkey zombies
  3 worker ant zombies
  17 adders
  A howler monkey skeleton (D:7)
  15 gnolls
  2 shadow imps
  7 oozes
  An adder skeleton (D:8)
  2 worms (D:2)
  3 dart slugs (D:1)
  2 leopard geckos
  113 orcs
  A ball python (D:3)
  6 giant cockroaches
  8 hobgoblins
  21 jackals
  4 quokkas
  6 bats
  8 frilled lizards
  8 goblins
  24 kobolds
  A quokka skeleton (D:7)
  10 rats
  4 fungi
  4 plants
999 creatures vanquished.

Vanquished Creatures (others)
  A sky beast (D:7)
  18 fungi
  54 plants
73 creatures vanquished.

Grand Total: 1072 creatures vanquished

Notes
Turn   | Place    | Note
-------+----------+-------------------------------------------
     0 | D:1      | Peloso the Minotaur Fighter began the quest for the Orb.
     0 | D:1      | Reached XP level 1. HP: 19/19 MP: 0/0
   124 | D:1      | Reached skill level 4 in Shields
   128 | D:1      | Reached XP level 2. HP: 27/27 MP: 1/1
   703 | D:2      | Reached XP level 3. HP: 32/33 MP: 2/2
   758 | D:2      | Reached XP level 4. HP: 26/41 MP: 3/3
  1005 | D:2      | Reached skill level 1 in Dodging
  1237 | D:3      | Noticed a water moccasin
  1245 | D:3      | Killed a water moccasin
  1245 | D:3      | Reached XP level 5. HP: 45/47 MP: 4/4
  1289 | D:3      | Found a hazy altar of Hepliaklqana.
  1417 | D:3      | Noticed Ijyb
  1424 | D:3      | Killed Ijyb
  1424 | D:3      | Reached skill level 5 in Shields
  1428 | D:3      | Reached XP level 6. HP: 54/55 MP: 5/5
  1493 | D:3      | You fall into a shaft and drop 2 floors!
  1493 | D:5      | Entered Level 5 of the Dungeon
  1504 | D:5      | Found an ancient bone altar of Kikubaaqudgha.
  1604 | D:5      | Found Zin's Purification Station.
  1604 | D:5      | Found a glowing silver altar of Zin.
  1737 | D:5      | Reached skill level 5 in Fighting
  1737 | D:5      | Reached skill level 5 in Armour
  1897 | D:5      | Reached skill level 5 in Long Blades
  1944 | D:5      | Reached XP level 7. HP: 21/61 MP: 6/6
  1952 | D:5      | Reached skill level 6 in Shields
  1975 | D:5      | HP: 3/61 [gnoll/+0 spear (8)]
  1988 | D:5      | HP: 1/61 [worker ant (4)]
  2292 | D:4      | Got a polished falchion
  2293 | D:4      | Identified the +11 falchion "Mil Wuth" {antimagic, rElec}
                  | (You found it on level 4 of the Dungeon)
  2562 | D:3      | Noticed Terence
  2572 | D:3      | Killed Terence
  2754 | D:4      | Found a transporter.
  2792 | D:4      | Reached skill level 7 in Shields
  2800 | D:4      | Reached XP level 8. HP: 23/69 MP: 2/7
  3077 | D:4      | Found a white marble altar of Elyvilon.
  3122 | D:4      | Found a shimmering altar of Xom.
  3262 | D:4      | Found a transporter.
  3603 | D:5      | Found a sparkling altar of Nemelex Xobeh.
  3719 | D:6      | Reached skill level 8 in Shields
  3820 | D:6      | Found a staircase to the Ecumenical Temple.
  3834 | Temple   | Entered the Ecumenical Temple
  3933 | Temple   | Became a worshipper of Warmaster Okawaru
  4375 | D:6      | Reached XP level 9. HP: 71/75 MP: 2/8
  4553 | D:6      | Reached * piety under Okawaru
  4852 | D:7      | Reached skill level 1 in Stealth
  4991 | D:7      | Reached skill level 9 in Shields
  5068 | D:7      | Reached ** piety under Okawaru
  5524 | D:7      | Found a radiant altar of Vehumet.
  5779 | D:8      | Reached skill level 10 in Long Blades
  5847 | D:8      | Reached XP level 10. HP: 24/86 MP: 3/9
  6340 | D:8      | Noticed Grum
  6345 | D:8      | Reached skill level 10 in Shields
  6351 | D:8      | Killed Grum
  6351 | D:8      | Reached *** piety under Okawaru
  7110 | D:9      | Received a gift from Okawaru
  7403 | D:9      | Noticed Erolcha
  7413 | D:9      | Killed Erolcha
  7413 | D:9      | Reached **** piety under Okawaru
  8021 | D:10     | Entered Level 10 of the Dungeon
  8021 | D:10     | Noticed a two-headed ogre
  8036 | D:9      | Killed a two-headed ogre
  8036 | D:9      | Reached skill level 11 in Shields
  8250 | D:10     | Reached XP level 11. HP: 14/95 MP: 0/10
  8786 | D:10     | Reached skill level 10 in Armour
  8800 | D:10     | Reached ***** piety under Okawaru
  9235 | D:10     | Found a shimmering altar of Xom.
  9250 | D:10     | Noticed a death yak
  9250 | D:10     | Noticed a death yak
  9250 | D:10     | Noticed a death yak
  9302 | D:9      | Killed a death yak
  9545 | D:10     | Killed a death yak
  9790 | D:10     | Found a staircase to the Lair.
  9794 | D:10     | Noticed a death yak
  9843 | D:9      | Killed a death yak
 10054 | D:10     | Noticed a death yak
 10078 | D:9      | Killed a death yak
 10078 | D:9      | Reached skill level 12 in Shields
 10092 | D:10     | HP: 4/97 [death yak (15)]
 10105 | D:10     | Killed a death yak
 10770 | D:10     | Found Muteeh's Gadget Shop.
 11208 | D:11     | Noticed a two-headed ogre
 11219 | D:11     | Killed a two-headed ogre
 11246 | D:11     | You fall into a shaft and drop 3 floors!
 11542 | D:14     | Found Myerr's Assorted Antiques.
 11666 | D:14     | Noticed a two-headed ogre
 11680 | D:14     | Killed a two-headed ogre
 11680 | D:14     | Reached ****** piety under Okawaru
 11680 | D:14     | Reached skill level 10 in Fighting
 11803 | D:14     | Reached XP level 12. HP: 106/106 MP: 3/11
 11820 | D:13     | Received a gift from Okawaru
 12095 | D:13     | Reached skill level 13 in Shields
 12313 | D:12     | Noticed a six-headed hydra
 12324 | D:13     | Killed a ten-headed hydra
 12761 | D:11     | Found Egoew Gyappe's Elemental Accessories.
 12788 | D:11     | Noticed a centaur warrior
 12809 | D:11     | Killed a centaur warrior
 12812 | D:11     | Received a gift from Okawaru
 12838 | D:11     | You fall into a shaft and drop 2 floors!
 12854 | D:13     | Got a blackened whip
 12855 | D:13     | Identified the cursed +2 whip "Tisih" {freeze, *Rage
                  | Fragile rF+ rN+++} (You found it on level 13 of the
                  | Dungeon)
 12869 | D:13     | Noticed a vault guard
 12884 | D:13     | Killed a vault guard
 12885 | D:13     | Noticed a vault guard
 12886 | D:13     | Noticed a vault guard
 12929 | D:13     | Noticed a vault guard
 13068 | D:12     | Killed a vault guard
 13083 | D:12     | Killed a vault guard
 13083 | D:12     | Reached skill level 14 in Shields
 14019 | D:12     | Found a staircase to the Orcish Mines.
 14406 | D:12     | Reached XP level 13. HP: 80/116 MP: 1/12
 14599 | Lair:1   | Entered Level 1 of the Lair of Beasts
 14806 | Lair:1   | Received a gift from Okawaru
 14820 | Lair:1   | Got a pair of shimmering gloves {god gift}
 14834 | Lair:1   | Identified the +0 pair of gloves of Atheism {*Corrode rN++
                  | Dex+2} (Okawaru gifted it to you on level 1 of the Lair of
                  | Beasts)
 15465 | Orc:1    | Entered Level 1 of the Orcish Mines
 15473 | Orc:1    | Noticed a stone giant
 15474 | Orc:1    | Noticed Fannar
 15799 | D:12     | Killed Fannar
 15799 | D:12     | Reached skill level 1 in Invocations
 15884 | Orc:1    | Killed a stone giant
 16233 | Orc:2    | Entered Level 2 of the Orcish Mines
 16380 | Orc:2    | Found Udur's Antique Armour Shoppe.
 16492 | Orc:2    | Noticed an orc warlord
 16777 | Orc:1    | Killed an orc warlord
 16777 | Orc:1    | Reached skill level 15 in Shields
 17038 | Orc:2    | Reached skill level 15 in Long Blades
 17424 | Orc:2    | Noticed an orc warlord
 17448 | Orc:1    | Killed an orc warlord
 17452 | Orc:1    | Received a gift from Okawaru
 17744 | Orc:2    | Found Joloirus's General Store.
 17746 | Orc:2    | Found a staircase to the Elven Halls.
 17771 | Orc:2    | Found Obluosis's Antique Weapon Shop.
 18188 | Orc:2    | Bought a scroll of magic mapping for 45 gold pieces
 18254 | Orc:2    | Found a roughly hewn altar of Beogh.
 18331 | Orc:2    | Found a roughly hewn altar of Beogh.
 18369 | Orc:2    | Found Noxkyah's Book Boutique.
 18739 | D:12     | Reached XP level 14. HP: 90/126 MP: 10/14
 19027 | D:13     | Found a gate to the Vaults.
 19151 | D:13     | Found a runed translucent gate.
 19152 | D:13     | Identified the +4 lajatang of the Ancients {antimagic, MP+9
                  | Dex+2}
 19152 | D:13     | Identified the +13 plate armour of Daisies {rCorr Str-4
                  | Int-5 SInv}
 19153 | D:13     | Found a runed translucent gate.
 19153 | D:13     | Noticed brucemayne's ghost (journeyman HOMo)
 19154 | D:13     | Found a runed translucent gate.
 19166 | D:13     | Identified the +1 robe of the Will of the Gods {Int+5}
 19168 | D:13     | Found a roughly hewn altar of Beogh.
 19932 | D:15     | Entered Level 15 of the Dungeon
 20038 | D:15     | Reached skill level 16 in Shields
 20150 | D:15     | Received a gift from Okawaru
 20474 | D:15     | Found Bampupe's Armour Emporium.
 20519 | D:15     | Bought the +3 crown of Dyrovepreva {rElec Int+2 SInv} for
                  | 538 gold pieces
 20519 | D:15     | Found the +3 crown of Dyrovepreva {rElec Int+2 SInv}
 20565 | D:15     | Found a staircase to the Depths.
 22026 | Lair:2   | Noticed Erica
 22034 | Lair:2   | Killed Erica
 22782 | Lair:3   | Reached skill level 17 in Shields
 22786 | Lair:3   | Reached XP level 15. HP: 104/136 MP: 13/16
 22851 | Lair:3   | Received a gift from Okawaru
 22890 | Lair:3   | Got a scorched hat {god gift}
 22901 | Lair:3   | Identified the +0 hat "Qaotyit" {rF+ rC- Str+7 SInv}
                  | (Okawaru gifted it to you on level 3 of the Lair of Beasts)
 23485 | Lair:4   | Found a staircase to the Shoals.
 23660 | Lair:4   | Found a hole to the Spider Nest.
 23977 | Lair:4   | Found a blossoming altar of Fedhas.
 24500 | Lair:5   | Noticed Josephine
 24507 | Lair:5   | Killed Josephine
 24515 | Lair:5   | Reached skill level 18 in Shields
 24776 | Lair:5   | Found a runed translucent door.
 24782 | Lair:5   | Noticed Neeruiv's ghost (journeyman GrEE)
 24802 | Lair:5   | Killed Neeruiv's ghost
 25291 | Lair:5   | Received a gift from Okawaru
 25415 | Lair:6   | Entered Level 6 of the Lair of Beasts
 25502 | Lair:6   | Found a staircase to the Slime Pits.
 25985 | Lair:6   | Found a shattered altar of Ashenzari.
 26044 | Lair:6   | Identified the +7 trident "Oditwe Less" {flame, +Fly Int+4
                  | Dex-4}
 26044 | Lair:6   | Identified the +2 demon trident "Noanies" {antimagic, rElec
                  | rPois MR++ Str-5}
 26045 | Lair:6   | Noticed Juriogex's ghost (journeyman TeGl)
 26047 | Lair:6   | Found a bloodstained altar of Trog.
 26057 | Lair:6   | Found a transporter.
 26065 | Lair:6   | Found a transporter.
 26141 | Lair:6   | Killed Juriogex's ghost
 26141 | Lair:6   | Received a gift from Okawaru
 26147 | Lair:6   | Reached skill level 15 in Armour
 26156 | Lair:6   | Reached skill level 19 in Shields
 26420 | Lair:6   | Reached XP level 16. HP: 69/146 MP: 17/17
 27768 | D:13     | Killed brucemayne's ghost
 28274 | Shoals:1 | Entered Level 1 of the Shoals
 28396 | Shoals:1 | Received a gift from Okawaru
 28561 | Shoals:1 | Reached skill level 1 in Evocations
 29081 | Shoals:2 | You fall into a shaft and drop 1 floor!
 29734 | Shoals:3 | Reached skill level 20 in Shields
 29762 | Shoals:3 | Received a gift from Okawaru
 29766 | Shoals:3 | Got a shimmering hand axe {god gift}
 29767 | Shoals:3 | Identified the +3 hand axe of Sonoukou {flame, rPois rF-
                  | MR+++ Int+3} (Okawaru gifted it to you on level 3 of the
                  | Shoals)
 30366 | Shoals:2 | Found a transporter.
 30465 | Shoals:2 | Noticed Ilsuiw
 30895 | Shoals:2 | Reached skill level 15 in Fighting
 31620 | Shoals:2 | Found a transporter.
 31645 | Shoals:2 | Received a gift from Okawaru
 31879 | Shoals:2 | Killed Ilsuiw
 32283 | Shoals:2 | Reached XP level 17. HP: 85/156 MP: 10/18
 34018 | Shoals:4 | Entered Level 4 of the Shoals
 34114 | Shoals:3 | Reached skill level 21 in Shields
 34442 | Shoals:4 | Killed from afar by a frost giant

Levels and vault maps discovered:
D:1:      grunt_arrival_lava_bath, layout_basic, minmay_unequal
D:2:      layout_rooms
D:3:      layout_rooms, lemuel_round_altar, first_ration, uniq_terence,
          uniq_ijyb
D:4:      gammafunk_cloud_chamber, layout_basic, lemuel_round_altar,
          dk_xom_monty_hall
D:5:      layout_rooms, zin_purify, lemuel_coloured_pillars_altar,
          marbit_many_paths
D:6:      minmay_razor_zed, layout_basic, minmay_temple_entry_sparse_star,
          supply_closet_lemuel, dk_vineyard_1
D:7:      layout_cave_pods, kennysheep_mini
D:8:      layout_loops_ring, uniq_grum
D:9:      lemuel_ogre_cave, layout_stronghold, uniq_erolcha
D:10:     layout_gridville, dpeg_lair_monsters, basic_altar, serial_shops,
          shop_statue, grunt_livestock
D:11:     minmay_blocky_corners, layout_gridville, nicolae_elemental_shop
D:12:     layout_rooms, erik_orc_1
D:13:     layout_cave_pools, erik_vaults_2, biasface_ghost_orc_armoury,
          chequers_serial_rivers_room_b, lightli_wizard_tower
D:14:     layout_long_grid, serial_shops, nicolae_shop_overgrown_old_shop,
          chequers_serial_rivers_small_b
D:15:     hangedman_depths_entry_try_elsewhere_first, layout_basic,
          serial_shops, nicolae_shop_stone, hex_intersection
Temple:   eino_temple_scatter_basement
Lair:1:   layout_loops_ring, serial_bayou_shore_b, grunt_megastairs_3
Lair:2:   layout_regular_city, grunt_forest_stairs_clearing, uniq_erica
Lair:3:   layout_chaotic_city
Lair:4:   layout_small_grid, minmay_shoals_entry_beasts, spider_nest_entry_webs,
          tgw_fedhas
Lair:5:   layout_cave_pods, ebering_ghost_reflecting_pool, uniq_josephine
Lair:6:   minmay_lair_end_frog_pond, layout_loops_ring,
          nicolae_slime_entry_slimehenge, gammafunk_ghost_wrathful_warriors,
          lemuel_oklob_altar, grunt_megastairs_4
Shoals:1: layout_shoals
Shoals:2: gammafunk_the_bubble [the_bubble_gammafunk_crates], layout_shoals,
          uniq_ilsuiw
Shoals:3: cheibrodos_shoals_oceanic_diplomacy, layout_shoals
Shoals:4: shoals_end_grunt_ice, layout_shoals, minmay_shop_enchanted_jewellery,
          ldierk_geyser
Orc:1:    layout_diamond_mine, uniq_fannar
Orc:2:    grunt_orc_gardens, layout_caves, grunt_orc_garden, grunt_orc_garden,
          grunt_orc_garden, grunt_orc_garden, basic_altar, mines2_david

Skill      XL: |  1  2  3  4  5  6  7  8  9 10 11 12 13 14 15 16 17 |
---------------+----------------------------------------------------+-----
Shields        | 4 5 7 8 9 11 12 14 15 17 19 20 21 | 21.0
Fighting       | 4 5 6 7 8 10 11 12 13 14 15 | 15.6
Armour         | 4 5 6 7 8 9 11 12 13 14 15 16 | 16.0
Long Blades    | 3 4 5 6 8 10 11 12 14 15 16 17 18 | 18.0
Dodging        | 1 2 3 4 |  4.3
Stealth        | 1 2 |  2.9
Invocations    | 1 2 |  2.9
Evocations     | 1 |  1.0

Action                   |  1- 3 |  4- 6 |  7- 9 | 10-12 | 13-15 | 16-18 || total
-------------------------+-------+-------+-------+-------+-------+-------++-------
Melee: Long sword        |    93 |   168 |    36 |       |       |       ||   297
       Headbutt          |    18 |    39 |    62 |   167 |   355 |   190 ||   831
       Falchion          |       |       |   320 |   668 |       |       ||   988
       Double sword      |       |       |       |   114 |  1246 |   661 ||  2021
       Scimitar          |       |       |       |       |    35 |       ||    35
Invok: Heroism           |       |       |       |     5 |     9 |     6 ||    20
       Finesse           |       |       |       |       |     3 |       ||     3
Evoke: Wand              |       |       |       |       |     5 |    10 ||    15
  Use: Scroll            |     1 |     4 |     7 |     7 |     6 |    10 ||    35
       Potion            |     1 |     4 |     1 |     5 |     1 |     1 ||    13
 Stab: Confused          |       |       |       |     2 |       |       ||     2
  Eat: Chunk             |       |     3 |    14 |    40 |    39 |    27 ||   123
       Ration            |       |       |       |     1 |       |       ||     1
Armor: Scale mail        |    51 |    11 |       |       |       |       ||    62
       Plate armour      |       |    97 |   179 |   283 |   395 |   169 ||  1123
Dodge: Dodged            |    27 |    44 |    66 |   104 |   235 |   150 ||   626
Block: Shield            |    55 |    92 |   227 |    40 |       |       ||   414
       Large shield      |       |       |       |   653 |  1339 |   885 ||  2877
       Rpst.: Long sword |     6 |     7 |     2 |       |       |       ||    15
       Falchion          |       |       |    11 |    18 |       |       ||    29
       Double sword      |       |       |       |     2 |    50 |    13 ||    65
       Scimitar          |       |       |       |       |     3 |       ||     3
